 Dungeon Crawl Stone Soup version 0.18.1-48-g4cf74bf (console) character file.

12898 Kloppie the Spear-Bearer (level 12, -12/157 HPs)
             Began as a Human Berserker on Aug 13, 2016.
             Was a High Priest of Trog.
             Mangled by a sun demon (16 damage)
             ... summoned by an obsidian statue
             ... on level 11 of the Dungeon.
             The game lasted 00:21:22 (13744 turns).

Kloppie the Spear-Bearer (Human Berserker)         Turns: 13744, Time: 00:21:23

Health: -12/157    AC: 14    Str: 27    XL:     12   Next: 26%
Magic:  4/4        EV:  9    Int:  7    God:    Trog [*****.]
Gold:   427        SH:  0    Dex: 17    Spells: 0 memorised, 11 levels left

rFire  . . .     SeeInvis .     a - +4 demon trident (antimagic)
rCold  . . .     Gourm    .     o - +0 chain mail
rNeg   + . .     Faith    .     (no shield)
rPois  .         Spirit   .     (no helmet)
rElec  .         Dismiss  .     m - +0 cloak
rCorr  .         Reflect  .     n - +1 pair of gloves {Str+3}
SustAt .         Harm     .     y - +1 pair of boots
MR     ++...                    (no amulet)
Stlth  ..........               (no ring)
                                E - ring of positive energy

@: berserking, regenerating, very quick, very resistant to hostile enchantments,
extremely unstealthy
A: no striking features
a: Berserk, Trog's Hand, Brothers in Arms, Burn Spellbooks, Renounce Religion


You were on level 11 of the Dungeon.
You worshipped Trog.
Trog was extremely pleased with you.
You were hungry.

You visited 1 branch of the dungeon, and saw 11 of its levels.
You also visited: Sewer and Ossuary.

You collected 427 gold pieces.

Inventory:

Hand Weapons
 a - a +4 antimagic demon trident (weapon)
 b - a +2 trident of venom
 z - a +3 trident of protection
 J - a +5 bardiche of protection
Armour
 m - a +0 cloak (worn)
 n - a +1 pair of gloves of strength (worn)
 o - a +0 chain mail (worn)
 y - a +1 pair of boots (worn)
 C - a +0 plate armour
 H - a +0 shield
Jewellery
 E - a ring of positive energy (left hand)
Wands
 B - a wand of lightning (4/15)
 K - a wand of lightning (9/15)
Scrolls
 e - 3 scrolls of remove curse
 f - 4 scrolls of enchant armour
 k - 3 scrolls of identify
 l - 4 scrolls of teleportation
 v - a scroll of magic mapping
 x - a scroll of recharging
 F - a scroll of fear
 I - 2 scrolls of blinking
Potions
 g - 2 potions of heal wounds
 h - 4 potions of might
 i - a potion of agility
 p - 2 potions of ambrosia
 q - 7 potions of flight
 r - 3 potions of curing
 s - 2 potions of mutation
 t - 2 potions of haste {unknown}
 u - 2 potions of cure mutation {unknown}
 D - a potion of brilliance {unknown}
Books
 G - a book of Battle

   Spells                             Type                      Level
   a - Infusion                       Charms                       1
   b - Shroud of Golubria             Charms/Translocation         2
   c - Song of Slaying                Charms                       2
   d - Spectral Weapon                Hexes/Charms                 3
   e - Regeneration                   Charms/Necromancy            3
   Trog disapproves of the use of such an item.
Comestibles
 c - 8 bread rations
 d - 10 slices of pizza
 j - 5 beef jerkies
 w - a meat ration
 A - a fruit
 L - 4 chunks of flesh


   Skills:
 - Level 13.0 Fighting
 + Level 13.2 Polearms
 + Level 4.0 Armour
 - Level 2.0 Dodging


You had 11 spell levels left.
You didn't know any spells.

Dungeon Overview and Level Annotations

Branches:
Dungeon (11/15)            Temple (0/1) D:5             Orc (0/2) D:10
   Lair: D:8-11

Altars:
Dithmenos
Gozag
Makhleb
Pakellas
Qazlal
Ru
Trog
Vehumet
Xom

Annotations:
D:11 exclusion: obsidian statue


Message History

You are engulfed in flames!
* * * LOW HITPOINT WARNING * * *
You puncture the sun demon!
The sun demon is almost dead.
You closely miss the sun demon.
The sun demon is almost dead.
The sun demon hits you!
* * * LOW HITPOINT WARNING * * *
You are engulfed in flames!
* * * LOW HITPOINT WARNING * * *
You closely miss the sun demon.
The sun demon is almost dead.
You puncture the sun demon!
You kill the sun demon!
You impale the sun demon!!
The sun demon is moderately wounded.
You barely miss the sun demon.
The sun demon is moderately wounded.
The sun demon hits you!
You die...

####.#.....)###
#.#....>(..#
#.##(#####.###
#.##.## #...#
#.##..######.# ##
#.###...####.####.
#.#
###....รท...##.
#.# #####.......
#@# #....... #3#
#....... #.#
#....... #.#
.........# #.#
###......# #<#
#....... ...
#......# 8?...
#..##..# 88:....
#.##..##


You could see a sun demon.

Vanquished Creatures
  The ghost of ayyllmao the Covert, a novice OpGl of Cheibriados (D:9)
  The ghost of ayyllmao the Slasher, a novice FoFi of Ru (D:7)
  2 unseen horrors (D:10)
  3 hill giants
  Pikel (D:7)
  An ugly thing (D:11)
  Joseph (D:7)
  The ghost of Noshyer the Thaumaturge, a novice DEWz of Sif Muna (D:5)
  2 trolls
  Grinder (D:5)
  Sigmund (D:6)
  A shadow (D:11)
  4 hippogriffs
  A hog (D:8)
  A yak (D:8)
  A hungry ghost (D:7)
  A human (D:8)
  A water moccasin (D:8)
  3 orc warriors
  2 sky beasts (D:9)
  A slave (D:7)
  2 phantoms
  An eye of draining (D:9)
  2 ice beasts
  A black bear (D:8)
  7 centaurs
  8 ogres
  A big kobold (Sewer)
  3 giant frogs
  A gnoll sergeant (D:10)
  A scorpion (D:4)
  9 killer bees (D:10)
  5 wights (D:11)
  A howler monkey (D:10)
  9 crimson imps
  2 giant frog zombies
  3 jellies
  3 quasits
  4 hounds
  13 orc priests
  12 orc wizards
  13 worker ants
  2 centaur skeletons
  2 iguanas
  2 sheep (D:8)
  A killer bee zombie (D:11)
  7 big kobold zombies (Ossuary)
  A hound zombie (D:9)
  2 mummies (Ossuary)
  A worker ant zombie (D:5)
  A howler monkey skeleton (D:6)
  12 gnolls
  A river rat (D:3)
  10 adders
  A shadow imp (D:7)
  2 oozes
  2 adder skeletons
  5 adder zombies
  4 worms
  6 giant geckos
  34 orcs
  4 giant cockroaches
  2 gnoll zombies (Ossuary)
  6 hobgoblins
  10 jackals
  12 kobolds
  7 quokkas
  12 bats
  5 giant newts
  7 goblins
  10 hobgoblin zombies (Ossuary)
  8 kobold zombies (Ossuary)
  3 orc zombies (Ossuary)
  7 rats
321 creatures vanquished.

Notes
Turn   | Place    | Note
--------------------------------------------------------------
     0 | D:1      | Kloppie the Human Berserker began the quest for the Orb.
     0 | D:1      | Reached XP level 1. HP: 18/18 MP: 1/1
   349 | D:1      | Reached XP level 2. HP: 19/24 MP: 2/2
   822 | D:2      | Reached XP level 3. HP: 29/29 MP: 3/3
  1005 | D:2      | Reached ** piety under Trog
  1218 | D:2      | Reached XP level 4. HP: 34/37 MP: 4/4
  1872 | D:3      | Reached XP level 5. HP: 42/42 MP: 5/5
  2207 | D:3      | Found a bloodstained altar of Trog.
  2208 | D:3      | Found a radiant altar of Vehumet.
  2208 | D:3      | Found an opulent altar of Gozag.
  2336 | D:3      | Found a glowing drain.
  2340 | Sewer    | Entered a sewer
  2417 | Sewer    | Noticed a big kobold
  2455 | Sewer    | Killed a big kobold
  2455 | Sewer    | Reached XP level 6. HP: 41/50 MP: 6/6
  2502 | Sewer    | Found a white marble altar of Elyvilon.
  2518 | Sewer    | Reached *** piety under Trog
  2620 | D:3      | Reached skill level 5 in Fighting
  2620 | D:3      | Reached skill level 5 in Polearms
  2783 | D:3      | Found a sacrificial altar of Ru.
  2966 | D:4      | Found a sand-covered staircase.
  2980 | Ossuary  | Entered an ossuary
  3472 | Ossuary  | Reached XP level 7. HP: 39/56 MP: 7/7
  3962 | D:4      | Found a shimmering altar of Xom.
  4493 | D:4      | Reached XP level 8. HP: 65/65 MP: 8/8
  4627 | D:4      | Found an oddly glowing altar of Pakellas.
  4702 | D:5      | Entered Level 5 of the Dungeon
  4707 | D:5      | Found a burning altar of Makhleb.
  4919 | D:5      | Noticed Grinder
  4931 | D:5      | Killed Grinder
  5104 | D:5      | Noticed Noshyer's ghost (novice DEWz)
  5220 | D:5      | Found a staircase to the Ecumenical Temple.
  5272 | D:5      | Reached **** piety under Trog
  5394 | D:5      | Killed Noshyer's ghost
  5394 | D:5      | Reached XP level 9. HP: 72/74 MP: 9/9
  7204 | D:6      | Found a stormy altar of Qazlal.
  7602 | D:6      | Noticed Sigmund
  7609 | D:6      | Killed Sigmund
  7609 | D:6      | Reached XP level 10. HP: 76/84 MP: 10/10
  8020 | D:7      | Noticed ayyllmao's ghost (novice FoFi)
  8068 | D:7      | Killed ayyllmao's ghost
  8068 | D:7      | Reached skill level 10 in Fighting
  8068 | D:7      | Reached skill level 10 in Polearms
  8256 | D:7      | Noticed Joseph
  8270 | D:7      | Killed Joseph
  8511 | D:7      | Found a stormy altar of Qazlal.
  8655 | D:7      | Noticed Pikel
  8669 | D:7      | Killed Pikel
  9625 | D:8      | Noticed a hill giant
  9638 | D:8      | Killed a hill giant
  9638 | D:8      | Reached XP level 11. HP: 26/93 MP: 11/11
 10295 | D:8      | Reached ***** piety under Trog
 10513 | D:8      | Identified a scroll of acquirement
 10702 | D:9      | Noticed ayyllmao's ghost (novice OpGl)
 10716 | D:9      | Killed ayyllmao's ghost
 11173 | D:10     | Entered Level 10 of the Dungeon
 11669 | D:10     | Noticed a hill giant
 11680 | D:10     | Killed a hill giant
 11768 | D:10     | Found a staircase to the Orcish Mines.
 11805 | D:10     | Found a shadowy altar of Dithmenos.
 12243 | D:10     | Killed an unseen horror
 13021 | D:10     | Killed an unseen horror
 13021 | D:10     | Reached XP level 12. HP: 38/103 MP: 4/12
 13041 | D:10     | Received a gift from Trog
 13725 | D:11     | Noticed a sun demon
 13725 | D:11     | Noticed a sun demon
 13740 | D:11     | HP: 2/157 [sun demon[an obsidian statue] (13)]
 13744 | D:11     | Mangled by a sun demon

Skill      XL: |  1  2  3  4  5  6  7  8  9 10 11 12 |
---------------+-------------------------------------+-----
Fighting       | 4 5 6 8 9 11 12 13 | 13.0
Polearms       | 4 5 6 8 9 11 12 13 | 13.2
Armour         | 4 |  4.0
Dodging        | |  2.0

Action                   |  1- 3 |  4- 6 |  7- 9 | 10-12 || total
-------------------------+-------+-------+-------+-------++-------
Melee: Spear             |   137 |   425 |   127 |       ||   689
       Trident           |       |       |   299 |   288 ||   587
       Demon trident     |       |       |       |   314 ||   314
Invok: Berserk           |     1 |     1 |     4 |     5 ||    11
       Trog's Hand       |       |     1 |     3 |     5 ||     9
  Use: Scroll            |       |       |    11 |    13 ||    24
       Potion            |       |       |       |     4 ||     4
 Stab: Invisible         |       |       |       |     3 ||     3
  Eat: Chunk             |     2 |     3 |     9 |    16 ||    30
       Meat ration       |       |     1 |     2 |     2 ||     5
       Royal jelly       |       |       |       |     1 ||     1
       Fruit             |       |       |       |     1 ||     1
Armor: Animal skin       |     3 |       |       |       ||     3
       Ring mail         |    28 |     5 |       |       ||    33
       Chain mail        |       |   162 |   194 |   386 ||   742
Dodge: Dodged            |    61 |   109 |   126 |   141 ||   437
